 Dungeon Crawl Stone Soup version 0.30.1-3-gfc49f6343a (webtiles) character file.

Game seed: 1248299137428943277

9308 Heoruswealwe the Eclecticist (level 11, -2/54 HPs)
             Began as a Deep Elf Conjurer on July 29, 2023.
             Was a Priest of Vehumet.
             Slain by a skeletal warrior
             ... wielding a +0 halberd
              (7 damage)
             ... on level 11 of the Dungeon.
             The game lasted 01:31:42 (9584 turns).

Heoruswealwe the Eclecticist (Deep Elf Conjurer)    Turns: 9584, Time: 01:31:42

Health: -2/54      AC:  9    Str:  7    XL:     11   Next: 21%
Magic:  5/33       EV: 28    Int: 28    God:    Vehumet [***...]
Gold:   170        SH:  0    Dex: 22    Spells: 25/42 levels left

rFire   . . .        b - +1 scimitar of Disharmony {elec, Str+3 Dex+3}
rCold   . . .        (no shield)
rNeg    . . .        c - +2 robe {Will+}
rPois   .            g - +0 helmet
rElec   .            h - +1 cloak
rCorr   .            f - +0 pair of gloves {Stlth+}
SInv    +            e - +0 pair of boots
Will    +++..        i - amulet of the acrobat
Stlth   ++++         k - +6 ring of dexterity
HPRegen 0.29/turn    j - ring of see invisible
MPRegen 0.23/turn

%: acrobat, clarity
@: acrobatic
A: clarity, strong-willed 1
a: Renounce Religion


You were on level 11 of the Dungeon.
You worshipped Vehumet.
Vehumet was most pleased with you.
You visited 2 branches of the dungeon, and saw 10 of its levels.
You also visited: Bailey.

You collected 347 gold pieces.
You spent 177 gold pieces at shops.

Inventory:

Hand Weapons
 b - the +1 scimitar of Disharmony (weapon) {elec, Str+3 Dex+3}
   (You found it in a bailey)

   Str:       It affects your strength (+3).
   Dex:       It affects your dexterity (+3).
 s - a +0 arbalest
Armour
 c - a +2 robe of willpower (worn)
 e - a +0 pair of boots (worn)
 f - a +0 pair of gloves of stealth (worn)
 g - a +0 helmet (worn)
 h - a +1 cloak (worn)
 K - the +2 chain mail of the Five Wars {+Inv}
   (You found it in a bailey)

   +Inv:      It lets you turn invisible.
 L - +2 fire dragon scales
Magical Staves
 q - a staff of earth
Jewellery
 i - an amulet of the acrobat (around neck)
 j - a ring of see invisible (right hand)
 k - a +6 ring of dexterity (left hand)
 G - a ring of resist corrosion
 I - a ring of willpower
Wands
 x - a wand of digging (8)
 F - a wand of iceblast (15)
 H - a wand of light (5)
 J - a wand of mindburst (14)
Scrolls
 l - 3 scrolls of amnesia
 m - a scroll of immolation
 n - 2 scrolls of fog
 t - 5 scrolls of poison
 w - a scroll of fear
 y - 2 scrolls of identify
 A - a scroll of enchant armour
 B - a scroll of magic mapping
 D - 5 scrolls of enchant weapon
 E - a scroll of acquirement {unknown}
 M - 2 scrolls of teleportation
Potions
 a - a potion of resistance
 o - a potion of mutation
 p - a potion of lignification
 r - a potion of haste
 u - a potion of curing
 v - a potion of flight
 C - 2 potions of might
 N - a potion of brilliance


   Skills:
 - Level 2.4 Dodging
 - Level 2.4 Stealth
 + Level 16.1 Spellcasting
 + Level 14.1 Conjurations


You had 25 spell levels left.
You knew the following spells:

 Your Spells              Type           Power      Damage    Failure   Level
a - Magic Dart            Conj           100%       1d8       0%          1
b - Kiss of Death         Conj/Necr      100%       2d13      1%          1
c - Searing Ray           Conj           100%       2d8       0%          2
d - Static Discharge      Conj/Air       100%       2-7/arc   1%          2
e - Dazzling Flash        Conj/Hex       100%       N/A       1%          3
f - Fulminant Prism       Conj/Hex       29%        3d14      1%          4
g - Iskenderun's Mystic   Conj/Tloc      58%        2d12      1%          4

Your spell library contained the following spells:

 Spells                   Type           Power      Damage    Failure   Level
 Apportation              Tloc           44%        N/A       2%          1
 Beastly Appendage        Tmut           44%        N/A       2%          1
 Necrotise                Necr           88%        1d8       2%          1
 Summon Small Mammal      Summ           88%        N/A       2%          1
 Wereblood                Tmut           22%        N/A       3%          2
 Ozocubu's Armour         Ice            22%        N/A       6%          3
 Spider Form              Tmut/Pois      22%        N/A       6%          3
 Lee's Rapid Deconstruct  Erth           11%        3d8*      16%         5
 Leda's Liquefaction      Hex/Erth       11%        N/A       22%         4
 Statue Form              Tmut/Erth      14%        N/A       97%         6
 Ozocubu's Refrigeration  Ice            11%        4d9       98%         7


Dungeon Overview and Level Annotations

Branches:
Dungeon (8/15)             Temple (1/1) D:6          Bailey (visited)
   Lair: D:8-11

Altars:
Ashenzari
Cheibriados
Dithmenos
Elyvilon
Fedhas
Gozag
Hepliaklqana
Kikubaaqudgha
Makhleb
Nemelex Xobeh
Okawaru
Qazlal
Sif Muna
Trog
Vehumet
Wu Jian
Xom
Zin
The Shining One

Shops:
D:7 *[:!!


Innate Abilities, Weirdness & Mutations

You possess an exceptional clarity of mind.
You are strong-willed. (Will+)


Message History

The vampire flickers and vanishes for a moment.
The skeletal warrior completely misses you.
The skeletal warrior hits you from afar with a +0 halberd!!
The skeletal warrior completely misses you.
The vampire casts a spell at you. You resist with almost no effort.
The vampire attacks as you move away! The vampire barely misses you.
The vampire misses you.
Casting: Iskenderun's Mystic Blast (safe; 1% risk of failure)
Confirm with . or Enter, or press ? or * to list all spells.
You erupt in a blast of force!
The mystic blast hits the skeletal warrior.
The skeletal warrior is heavily damaged.
The skeletal warrior is knocked back by the mystic blast.
The skeletal warrior slams into the rock wall!
The mystic blast hits the vampire!
The vampire is lightly damaged.
The vampire is knocked back by the mystic blast.
The mystic blast hits the vampire!
The vampire is moderately damaged.
The vampire is knocked back by the mystic blast.
The vampire slams into the rock wall!
The vampire is moderately damaged.
The skeletal warrior closely misses you.
Casting: Iskenderun's Mystic Blast (safe; 1% risk of failure)
Confirm with . or Enter, or press ? or * to list all spells.
You erupt in a blast of force!
The mystic blast hits the vampire!
The vampire is severely damaged.
The vampire is knocked back by the mystic blast.
The vampire slams into the rock wall!
The mystic blast hits the vampire!
The vampire is severely damaged.
The vampire is knocked back by the mystic blast.
The mystic blast hits the skeletal warrior but does no damage.
The skeletal warrior is heavily damaged.
The skeletal warrior completely misses you.
The skeletal warrior attacks as you move away!
The skeletal warrior hits you with a +0 halberd!!
* * * LOW HITPOINT WARNING * * *
The skeletal warrior hits you from afar with a +0 halberd!
You die...

#..####### #....########........
#..# #....# #........ #..# #....#
#........ #..# #....# #........
#..####### #....# #........
#........####....########........
.................................
.................................
................@..V#............
#.................z...###########
#..................##.#♣♣.♣♣#.♣
#..................##.#♣...♣#.♣♣♣
#..........(....V..##.#......(♣.♣
....†.......#####.....#♣...♣#.♣.♣
....†.......#.).#.....#♣♣.♣♣#..C.
#..........>#.~.#.....# ♣.# ###.#
#....####...#.~.#.(.>.# ♣V♣ ♣.♣


You could see a skeletal warrior and 2 vampires.

Vanquished Creatures
  The ghost of YordlordTheGreat the Severer, a journeyman MiMo of Qazlal (D:11)
  A two-headed ogre (D:11)
  A harpy (shapeshifter) (D:11)
  2 cyclopes (D:11)
  A gargoyle (Bailey)
  An unseen horror (D:11)
  2 yaktaurs (D:11)
  Prince Ribbit (D:7)
  A vampire (Bailey)
  Sigmund (D:3)
  A shadow (D:6)
  7 yaks
  A wraith (D:6)
  2 steam dragons
  Menkaure (D:7)
  A water moccasin (D:7)
  2 orc warriors
  Pargi (D:4)
  2 black bears (D:6)
  2 ice beasts (D:6)
  An ogre (D:6)
  A phantom (D:6)
  4 kobold brigands
  The ghost of Elkerch the Shooter, an amateur KoHu (D:3)
  2 bullfrogs (D:6)
  Blork the orc (D:4)
  4 scorpions
  3 electric eels (D:7)
  9 vampire bats (Bailey)
  8 wolf zombies (Bailey)
  4 quasits (D:6)
  3 hounds
  A jelly (D:5)
  3 orc priests
  Crazy Yiuf (D:4)
  2 gnoll boudas
  7 iguanas
  A sleepcap (D:5)
  2 orc wizards (D:7)
  12 gnolls
  8 adders
  4 shadow imps (D:6)
  3 white imps
  6 ufetubi
  4 dart slugs
  4 worms
  14 orcs
  2 endoplasms
  2 giant cockroaches
  7 goblins
  7 hobgoblins
  7 jackals (D:1)
  19 kobolds
  A quokka (D:1)
  6 ball pythons
  12 bats
  2 frilled lizards
  21 orc zombies (Bailey)
  8 rats
239 creatures vanquished.

Vanquished Creatures (others)
  15 fulminant prisms
15 creatures vanquished.

Grand Total: 254 creatures vanquished

Notes
Turn   | Place    | Note
-------+----------+-------------------------------------------
     0 | D:1      | Heoruswealwe the Deep Elf Conjurer began the quest for the
                  | Orb.
     0 | D:1      | Reached XP level 1. HP: 10/10 MP: 6/6
   157 | D:1      | Reached XP level 2. HP: 15/15 MP: 1/8
   160 | D:1      | Learned a level 2 spell: Searing Ray
   676 | D:1      | Reached skill level 4 in Spellcasting
   789 | D:2      | Reached skill level 5 in Conjurations
   789 | D:2      | Reached XP level 3. HP: 19/19 MP: 8/10
   793 | D:2      | Learned a level 3 spell: Dazzling Flash
  1940 | D:3      | Reached XP level 4. HP: 21/24 MP: 0/12
  1961 | D:3      | Learned a level 4 spell: Fulminant Prism
  2273 | D:3      | Noticed Sigmund
  2279 | D:3      | Killed Sigmund
  2280 | D:3      | Reached skill level 6 in Spellcasting
  2280 | D:3      | Reached XP level 5. HP: 18/28 MP: 4/15
  2285 | D:3      | Learned a level 4 spell: Iskenderun's Mystic Blast
  2306 | D:3      | Found a runed translucent door.
  2310 | D:3      | Noticed Elkerch's ghost (amateur KoHu)
  2316 | D:3      | Killed Elkerch's ghost
  2317 | D:3      | Reached XP level 6. HP: 31/32 MP: 3/17
  2408 | D:3      | Found a sparkling altar of Nemelex Xobeh.
  2906 | D:4      | Noticed Pargi
  2920 | D:4      | Killed Pargi
  2921 | D:4      | Reached skill level 7 in Spellcasting
  2923 | D:4      | Noticed Blork the orc
  2965 | D:4      | Killed Blork the orc
  2966 | D:4      | Reached XP level 7. HP: 24/36 MP: 12/19
  3191 | D:4      | Found a runed translucent door.
  3192 | D:4      | Noticed Crazy Yiuf
  3197 | D:4      | Killed Crazy Yiuf
  3399 | D:5      | Entered Level 5 of the Dungeon
  3450 | D:5      | Reached skill level 8 in Spellcasting
  3891 | D:5      | Reached skill level 9 in Spellcasting
  3891 | D:5      | Reached XP level 8. HP: 11/41 MP: 10/23
  4119 | D:5      | Reached skill level 10 in Spellcasting
  4299 | D:5      | Found a bloodstained altar of Trog.
  4299 | D:5      | Found a glowing silver altar of Zin.
  4300 | D:5      | Found a broken altar of Ashenzari.
  4334 | D:5      | Found a hazy altar of Hepliaklqana.
  4628 | D:6      | Reached skill level 11 in Spellcasting
  4628 | D:6      | Reached skill level 10 in Conjurations
  4667 | D:6      | Found a staircase to the Ecumenical Temple.
  4693 | Temple   | Entered the Ecumenical Temple
  4796 | Temple   | Became a worshipper of Vehumet
  4923 | D:6      | Reached XP level 9. HP: 45/45 MP: 21/26
  5032 | D:6      | Found an iron altar of Okawaru.
  5314 | D:6      | Reached skill level 12 in Spellcasting
  5364 | D:6      | Reached * piety under Vehumet
  5364 | D:6      | Offered knowledge of Kiss of Death by Vehumet.
  5397 | D:6      | Learned a level 1 spell: Kiss of Death
  5770 | D:7      | Found a flagged portal.
  5783 | Bailey   | Entered a bailey
  5850 | Bailey   | Noticed a gargoyle
  5888 | Bailey   | Killed a gargoyle
  5889 | Bailey   | Reached skill level 13 in Spellcasting
  6417 | Bailey   | Reached ** piety under Vehumet
  6417 | Bailey   | Offered knowledge of Sandblast by Vehumet.
  6418 | Bailey   | Reached XP level 10. HP: 43/50 MP: 18/29
  6759 | Bailey   | Identified the +2 chain mail of the Five Wars {+Inv}
  6764 | Bailey   | Identified the +1 scimitar of Disharmony {elec, Str+3
                  | Dex+3}
  6894 | Bailey   | Gained mutation: You possess an exceptional clarity of
                  | mind. [potion of mutation]
  6894 | Bailey   | Gained mutation: You are strong-willed. (Will+) [potion of
                  | mutation]
  7527 | D:7      | Noticed Prince Ribbit
  7533 | D:7      | Found Diduenni's Antique Armour Shoppe.
  7534 | D:7      | Found Zyumem's Assorted Antiques.
  7590 | D:7      | Killed Prince Ribbit
  7603 | D:7      | Found Zuum's Book Emporium.
  7605 | D:7      | Found Fyrrek's Distillery.
  7672 | D:7      | Noticed Menkaure
  7677 | D:7      | Killed Menkaure
  7678 | D:7      | Reached skill level 14 in Spellcasting
  7688 | D:7      | Found Qot Yrri's Distillery.
  7719 | D:7      | Bought a potion of flight for 42 gold pieces
  7730 | D:7      | Found a shimmering blue altar of Sif Muna.
  7776 | D:7      | Found an ancient bone altar of Kikubaaqudgha.
  7835 | D:7      | Found a shadowy altar of Dithmenos.
  7896 | D:7      | Found an ornate altar of the Wu Jian Council.
  8168 | D:7      | Offered knowledge of Static Discharge by Vehumet.
  8172 | D:7      | Learned a level 2 spell: Static Discharge
  8347 | D:7      | Bought a scroll of identify for 54 gold pieces
  8347 | D:7      | Bought a scroll labelled JOOXIO GOURAI for 27 gold pieces
  8347 | D:7      | Bought a scroll of identify for 54 gold pieces
  8400 | D:7      | Found a stormy altar of Qazlal.
  8988 | D:8      | You fall into a shaft and drop 3 floors!
  8991 | D:11     | Noticed a cyclops
  8999 | D:11     | Killed a cyclops
  9170 | D:11     | Reached skill level 15 in Spellcasting
  9284 | D:11     | Found a runed translucent door.
  9289 | D:11     | Noticed YordlordTheGreat's ghost (journeyman MiMo)
  9309 | D:11     | Noticed a two-headed ogre
  9324 | D:11     | Killed YordlordTheGreat's ghost
  9325 | D:11     | Killed a two-headed ogre
  9330 | D:11     | Reached XP level 11. HP: 27/54 MP: 6/32
  9522 | D:11     | Noticed an entropy weaver
  9531 | D:11     | Noticed a skeletal warrior
  9534 | D:11     | an entropy weaver changed into a harpy
  9534 | D:11     | Noticed a harpy (shapeshifter)
  9536 | D:11     | Killed a harpy
  9540 | D:11     | Reached skill level 16 in Spellcasting
  9548 | D:11     | Reached *** piety under Vehumet
  9584 | D:11     | Slain by a skeletal warrior

Illustrated notes

Levels and vault maps discovered:
D:1:      lemuel_arrival_lava_pool, layout_loops_ring
D:2:      layout_basic
D:3:      layout_loops_cross, nemelex_spade_bored_becter,
          ebering_ghost_reflecting_pool, roderic_batcave, uniq_sigmund
D:4:      layout_basic, nicolae_kite_square_tiling_tiny,
          uniq_crazy_yiuf_cottage, uniq_pargi, uniq_blork_the_orc
D:5:      cheibrodos_thug_alley, layout_rooms, kennysheep_mini_moat,
          chequers_temple_overflow_statue_of_worship
D:6:      minmay_chambers_of_threes, layout_rooms,
          nicolae_overflow_hidden_temple, minmay_temple_entry_large_hall,
          serial_demonic, serial_demonic_d, serial_demonic_d, serial_demonic_a,
          serial_demonic_c
D:7:      layout_rooms, mainiacjoe_overflow_small_starburst,
          mainiacjoe_overflow_alcove_1, grunt_dithmenos_smoke_and_mirrors,
          lemuel_tele_altar, mainiacjoe_overflow_six_doors_small, serial_shops,
          nicolae_shop_just_a_little_nook, shop, nicolae_shop_dealshenge,
          nicolae_shop_industrial_runoff, nicolae_shop_real_fake_doors,
          serial_aquarium, aquarium_bridge_straight [aquarium_subvault_bridge,
          aquarium_subvault_window, aquarium_subvault_bridge,
          aquarium_subvault_wall], aquarium_window_1, aquarium_window_fake,
          aquarium_window_fake, aquarium_view_2d, aquarium_balcony_5a,
          aquarium_pool_side, enter_bailey_4, uniq_menkaure, uniq_prince_ribbit1
D:8:      layout_cave_pools
D:11:     nzn_winding_woodlands_medium [nzn_winding_woodlands_5x5_cross,
          nzn_winding_woodlands_5x15_twine,
          nzn_winding_woodlands_5x5_checkerboard,
          nzn_winding_woodlands_5x5_default,
          nzn_winding_woodlands_center_triple_pond,
          nzn_winding_woodlands_5x5_three,
          nzn_winding_woodlands_5x5_closed_star,
          nzn_winding_woodlands_5x15_default,
          nzn_winding_woodlands_5x5_open_star], layout_small_grid, serial_shops,
          bzr_entry_islet, ebering_ghost_reflecting_pool,
          minmay_fractal_squares_gapless_7
Temple:   nicolae_temple_two_arcs

Skill      XL: |  1  2  3  4  5  6  7  8  9 10 11 |
---------------+----------------------------------+-----
Spellcasting   | 4 6 7 9 11 13 15 16 | 16.1
Conjurations   | 5 6 7 8 10 12 13 14 | 14.1
Dodging        | |  2.4
Stealth        | |  2.4

Action                     |  1- 3 |  4- 6 |  7- 9 | 10-12 || total
---------------------------+-------+-------+-------+-------++-------
  Melee: Unarmed           |    23 |    30 |    16 |       ||    69
         Punch             |       |       |     1 |       ||     1
   Cast: Magic Dart        |    93 |    50 |   149 |   110 ||   402
         Searing Ray       |       |     8 |    42 |     3 ||    53
         Iskenderun's Myst |       |       |    32 |    54 ||    86
         Fulminant Prism   |       |       |     4 |    11 ||    15
  Evoke: Wand              |       |       |     1 |     3 ||     4
    Use: Potion            |       |     1 |     8 |    15 ||    24
         Scroll            |       |       |     8 |     8 ||    16
 Armour: Robe              |    15 |    28 |    68 |     7 ||   118
  Dodge: Dodged            |    54 |    68 |   249 |    76 ||   447
